 Dungeon Crawl Stone Soup version 0.25-a0-464-g3004169c2b (webtiles) character file.

Game seed: 10638389193840179100, levelgen mode: deterministic

245 Lugonue the Fighter (level 6, -15/57 HPs)
             Began as a Gnoll Wanderer on Feb 4, 2020.
             Was a Believer of Ru.
             Killed by divine providence
             ... invoked by an orc priest
              (18 damage)
             ... on level 4 of the Dungeon.
             The game lasted 00:06:49 (2851 turns).

Lugonue the Fighter (Gnoll Wanderer)                Turns: 2851, Time: 00:06:49

Health: -15/57     AC:  9    Str: 16    XL:     6   Next: 10%
Magic:  9/9        EV: 11    Int: 17    God:    Ru [**....]
Gold:   194        SH:  0    Dex: 12    Spells: 9/9 levels left

rFire    . . .     SeeInvis .   k - +0 falchion
rCold    . . .     Gourm    .   (no shield)
rNeg     . . .     Faith    .   e - +0 ring mail
rPois    .         Spirit   .   p - +1 hat
rElec    .         Reflect  .   s - +0 cloak
rCorr    .         Harm     +   h - +0 pair of gloves
MR       .....                  (no boots)
Stlth    ++........             j - amulet of harm
HPRegen  0.19/turn              (no ring)
MPRegen  0.11/turn              (no ring)

@: no status effects
A: distributed training, fangs 1, inexperienced 1, strong nose
a: Renounce Religion


You were on level 4 of the Dungeon.
You worshipped Ru.
Ru was pleased with you.
You were hungry.

You visited 1 branch of the dungeon, and saw 4 of its levels.

You collected 194 gold pieces.

Inventory:

Hand Weapons
 a - a +2 dagger
 c - a +0 shortbow
 k - a +0 falchion (weapon)
Missiles
 d - 26 arrows
 o - a throwing net (quivered)
 r - 11 poisoned darts
Armour
 e - a +0 ring mail (worn)
 h - a +0 pair of gloves (worn)
 p - a +1 hat (worn)
 s - a +0 cloak (worn)
Jewellery
 j - an amulet of harm (around neck)
 t - an uncursed ring of see invisible {unknown}
 v - an uncursed ring of protection from cold
Scrolls
 l - a scroll of immolation {unknown}
 m - 2 scrolls of teleportation {unknown}
 q - 2 scrolls of remove curse
 u - 2 scrolls of identify
Potions
 b - a potion of heal wounds {unknown}
 g - a potion of magic
 n - a potion of mutation {unknown}
Comestibles
 f - 5 rations


   Skills:
 + Level 8.7 Fighting
 + Level 2.0 Short Blades
 + Level 2.0 Long Blades
 + Level 2.0 Axes
 + Level 3.2 Maces & Flails
 + Level 2.0 Polearms
 + Level 2.0 Staves
 + Level 2.0 Slings
 + Level 2.0 Bows
 + Level 3.2 Crossbows
 + Level 3.2 Throwing
 + Level 5.0 Armour
 + Level 2.0 Dodging
 + Level 3.1 Stealth
 + Level 2.0 Shields
 + Level 2.0 Unarmed Combat
 + Level 2.0 Spellcasting
 + Level 1.5 Conjurations
 + Level 1.5 Hexes
 + Level 1.5 Charms
 + Level 1.5 Summonings
 + Level 1.5 Necromancy
 + Level 1.5 Translocations
 + Level 1.5 Transmutations
 + Level 1.5 Fire Magic
 + Level 1.5 Ice Magic
 + Level 1.5 Air Magic
 + Level 1.5 Earth Magic
 + Level 1.5 Poison Magic
 + Level 2.1 Invocations
 + Level 2.0 Evocations


You had 9 spell levels left.
You didn't know any spells.
Your spell library was empty.

Dungeon Overview and Level Annotations

Branches:
Dungeon (4/15)
 Temple: D:4-7

Altars:
Gozag
Okawaru
Ru
Yredelemnul


Innate Abilities, Weirdness & Mutations

Your experience applies equally to all skills.
You have very sharp teeth.
You are somewhat inexperienced. (-2 XL)
Your uncanny sense of smell can sniff out nearby items.


Message History

* * * LOW HITPOINT WARNING * * *
The orc priest closely misses you.
You riposte.
You barely miss the orc priest.
The orc priest is almost dead.
The orc hits you from afar with a +0 trident.
* * * LOW HITPOINT WARNING * * *
You feel better. The orc hits you but does no damage.
The orc priest mumbles some strange prayers to Beogh against you.
Beogh smites you!
* * * LOW HITPOINT WARNING * * *
You closely miss the orc priest.
The orc priest is almost dead.
The orc closely misses you. The orc barely misses you.
You riposte.
You barely miss the orc. The orc priest barely misses you.
The orc hits you from afar with a +0 trident.
* * * LOW HITPOINT WARNING * * *
Unknown command.
Okay, then.
The orc priest mumbles some strange prayers to Beogh against you.
Beogh smites you!
You die...

#.#### .###### #..... #
####... ... #..### #.
..[.>.####.##..###
#.##>...............)
........####.##..###
#.................. #
#...#####......###
#.###.##@.######.....)#
.....o.o.............)#
......o#..............#
......o#...####.......###
..###.##...# #..........
. .......# #.#........
...#..#.# #.##..###.. .##
#.##.# #.##..# #.. .. #.
#.# #.##..###..


You could see an orc priest and 3 orcs.

Vanquished Creatures
  An ogre (D:4)
  A hound (D:4)
  An orc priest (D:4)
  2 orc wizards (D:4)
  A worker ant (D:4)
  A hound zombie (D:3)
  5 adders
  An ooze (D:3)
  2 dart slugs (D:2)
  4 orcs
  2 giant cockroaches
  A goblin (D:2)
  6 hobgoblins
  10 jackals
  3 kobolds (D:2)
  A quokka (D:2)
  A ball python (D:2)
  3 bats
  2 frilled lizards
  8 rats
56 creatures vanquished.

Notes
Turn   | Place    | Note
-------+----------+-------------------------------------------
     0 | D:1      | Lugonue the Gnoll Wanderer began the quest for the Orb.
     0 | D:1      | Lugonue set off with the following items: a +2 dagger, a
                  | curare-tipped dart, a +0 shortbow, 26 arrows, a +0 ring
                  | mail, a ration
     0 | D:1      | Reached XP level 1. HP: 26/26 MP: 1/1
    54 | D:1      | Reached XP level 2. HP: 28/33 MP: 2/2
   465 | D:2      | Reached XP level 3. HP: 37/38 MP: 3/3
   505 | D:2      | Found an iron altar of Okawaru.
   583 | D:2      | Reached skill level 1 in Invocations
   995 | D:2      | Reached skill level 1 in Short Blades
   995 | D:2      | Reached skill level 1 in Long Blades
   995 | D:2      | Reached skill level 1 in Axes
   995 | D:2      | Reached skill level 1 in Polearms
   995 | D:2      | Reached skill level 1 in Staves
   995 | D:2      | Reached skill level 1 in Slings
   995 | D:2      | Reached skill level 1 in Bows
   995 | D:2      | Reached skill level 1 in Dodging
   995 | D:2      | Reached skill level 1 in Shields
   995 | D:2      | Reached skill level 1 in Unarmed Combat
   995 | D:2      | Reached skill level 1 in Spellcasting
   995 | D:2      | Reached skill level 1 in Evocations
   995 | D:2      | Reached XP level 4. HP: 17/45 MP: 5/5
  1766 | D:3      | Found a faded altar of an unknown god.
  1818 | D:3      | Reached skill level 1 in Conjurations
  1818 | D:3      | Reached skill level 1 in Hexes
  1818 | D:3      | Reached skill level 1 in Charms
  1818 | D:3      | Reached skill level 1 in Summonings
  1818 | D:3      | Reached skill level 1 in Necromancy
  1818 | D:3      | Reached skill level 1 in Translocations
  1818 | D:3      | Reached skill level 1 in Transmutations
  1818 | D:3      | Reached skill level 1 in Fire Magic
  1818 | D:3      | Reached skill level 1 in Ice Magic
  1818 | D:3      | Reached skill level 1 in Air Magic
  1818 | D:3      | Reached skill level 1 in Earth Magic
  1818 | D:3      | Reached skill level 1 in Poison Magic
  2121 | D:3      | Became a worshipper of Ru the Awakened
  2135 | D:3      | Gained mutation: You are somewhat inexperienced. (-2 XL)
                  | [Ru sacrifice]
  2135 | D:3      | Reached XP level 3. HP: 38/38 MP: 4/4
  2135 | D:3      | Reached XP level 2. HP: 33/33 MP: 3/3
  2135 | D:3      | Reached * piety under Ru
  2135 | D:3      | Reached ** piety under Ru
  2217 | D:3      | Found an opulent altar of Gozag.
  2217 | D:3      | Found a basalt altar of Yredelemnul.
  2286 | D:3      | Reached XP level 3. HP: 38/38 MP: 4/4
  2489 | D:4      | Reached XP level 4. HP: 22/45 MP: 6/6
  2501 | D:4      | Noticed an ogre
  2703 | D:4      | Killed an ogre
  2703 | D:4      | Reached XP level 5. HP: 51/51 MP: 7/7
  2791 | D:4      | Reached skill level 5 in Armour
  2791 | D:4      | Reached XP level 6. HP: 38/57 MP: 7/9
  2851 | D:4      | Killed from afar by an orc priest

Levels and vault maps discovered:
D:1:      erik_arrival_triangle_medium, layout_rooms, minmay_pentomino_p4
D:2:      layout_loops_corners, okawaru_ov_weapons_minmay, first_ration,
          minmay_misc_feat_plants
D:3:      layout_loops_cross, amethyst_overflow_temple_binary,
          chequers_ecumenical_altar_simple
D:4:      layout_loops_ring, kiku_gazebo_pond_becter, lemuel_doored_altar

Skill      XL: |  1  2  3  4  5 |
---------------+----------------+-----
Invocations    | 1 2 |  2.1
Short Blades   | 1 2 |  2.0
Long Blades    | 1 2 |  2.0
Axes           | 1 2 |  2.0
Polearms       | 1 2 |  2.0
Staves         | 1 2 |  2.0
Slings         | 1 2 |  2.0
Bows           | 1 2 |  2.0
Dodging        | 1 2 |  2.0
Shields        | 1 2 |  2.0
Unarmed Combat | 1 2 |  2.0
Spellcasting   | 1 2 |  2.0
Evocations     | 1 2 |  2.0
Conjurations   | 1 |  1.5
Hexes          | 1 |  1.5
Charms         | 1 |  1.5
Summonings     | 1 |  1.5
Necromancy     | 1 |  1.5
Translocations | 1 |  1.5
Transmutations | 1 |  1.5
Fire Magic     | 1 |  1.5
Ice Magic      | 1 |  1.5
Air Magic      | 1 |  1.5
Earth Magic    | 1 |  1.5
Poison Magic   | 1 |  1.5
Maces & Flails | 3 |  3.2
Crossbows      | 3 |  3.2
Throwing       | 3 |  3.2
Stealth        | 3 |  3.1
Armour         | 5 |  5.0
Fighting       | |  8.7

Action                   |  1- 3 |  4- 6 || total
-------------------------+-------+-------++-------
Melee: Dagger            |   159 |   103 ||   262
       Bite              |    10 |    20 ||    30
       Punch             |     2 |     1 ||     3
       Falchion          |    15 |    13 ||    28
Throw: Dart              |       |    12 ||    12
       Throwing net      |       |     1 ||     1
Invok: Sacrifice Experie |     1 |       ||     1
  Use: Scroll            |     4 |     1 ||     5
       Potion            |     3 |     1 ||     4
 Stab: Sleeping          |     3 |     1 ||     4
       Distracted        |     1 |       ||     1
  Eat: Chunk             |     1 |     5 ||     6
Armor: Ring mail         |    57 |    37 ||    94
       Skin              |    11 |       ||    11
Dodge: Dodged            |    80 |    74 ||   154
       Rpst.: Falchion   |     1 |     3 ||     4

Table legend:
 A = Non-vault XP
 B = Vault XP
 C = Vault XP percentage of total XP
 D = Non-vault monster count
 E = Vault monster count
 F = Vault count percentage of total count
                 A         B        C        D         E       F
            +---------+---------+-------+---------+---------+-------
      Total |     465 |       2 |   0.4 |      54 |       2 |   3.6
            +---------+---------+-------+---------+---------+-------
        D:1 |      14 |       2 |  12.5 |      10 |       2 |  16.7
        D:2 |      90 |       0 |   0.0 |      23 |       0 |   0.0
        D:3 |      48 |       0 |   0.0 |      12 |       0 |   0.0
        D:4 |     313 |       0 |   0.0 |       9 |       0 |   0.0
            +---------+---------+-------+---------+---------+-------
